[ AOE2 MATCH · #470306859 ]
Team RMTurks vs Maya
[ REPLAY ANALYSIS · EXTRACTED FROM THE RECORDED GAME ]
Feudal
12:59
Castle
18:24
Imperial
23:38
| APM avg | 20.1 |
| APM peak | 68 |
| eAPM avg | 8.9 |
| Villagers / military | 63 / 35 |
Focus
⚔️ 27.0% · 🌾 73.0%
Hand Cannoneer ×31 · Bombard Cannon ×3 · Monk ×1
Feudal
10:44
Castle
16:54
Imperial
—
| APM avg | 18.0 |
| APM peak | 43 |
| eAPM avg | 11.4 |
| Villagers / military | 131 / 17 |
Focus
⚔️ 14.5% · 🌾 85.5%
Plumed Archer ×8 · Eagle Scout ×6 · Skirmisher ×3
Feudal
11:23
Castle
15:30
Imperial
29:18
| APM avg | 21.3 |
| APM peak | 43 |
| eAPM avg | 14.8 |
| Villagers / military | 131 / 103 |
Focus
⚔️ 15.1% · 🌾 84.9%
Scout Cavalry ×98 · Petard ×3 · Bombard Cannon ×2
Feudal
11:54
Castle
16:30
Imperial
—
| APM avg | 21.3 |
| APM peak | 69 |
| eAPM avg | 14.2 |
| Villagers / military | 103 / 2 |
Focus
⚔️ 50.9% · 🌾 49.1%
Unknown (2562) ×159 · Monk ×2
Feudal
11:27
Castle
15:24
Imperial
31:28
| APM avg | 27.3 |
| APM peak | 61 |
| eAPM avg | 16.2 |
| Villagers / military | 120 / 135 |
Focus
⚔️ 21.1% · 🌾 78.9%
Militia ×122 · Spearman ×10 · Monk ×3
Feudal
11:22
Castle
17:28
Imperial
—
| APM avg | 14.2 |
| APM peak | 41 |
| eAPM avg | 10.7 |
| Villagers / military | 78 / 18 |
Focus
⚔️ 22.3% · 🌾 77.7%
Unknown (1911) ×72 · Steppe Lancer ×18
Feudal
14:38
Castle
18:34
Imperial
23:21
| APM avg | 23.4 |
| APM peak | 60 |
| eAPM avg | 14.4 |
| Villagers / military | 57 / 51 |
Focus
⚔️ 31.0% · 🌾 69.0%
Monk ×39 · Cataphract ×7 · Trebuchet (Packed) ×5
Feudal
10:02
Castle
16:49
Imperial
27:43
| APM avg | 16.1 |
| APM peak | 53 |
| eAPM avg | 8.3 |
| Villagers / military | 58 / 2 |
Focus
⚔️ 4.7% · 🌾 95.3%
Mangonel ×2
Match map
Initial resources + every placement click. Lines = walls · curves = elevation contours. ◆ gold · ⬟ stone · ● berries · ✦ relic · ◌ wall gap
Your base· ✓ Closed at 18:24 · 0t walls · 3 gate(s)
gianghodd01's base· ✓ Closed at 16:54 · 0t walls · 3 gate(s)
VadersSon2004's base· ✓ Closed at 15:30 · 0t walls · 2 gate(s)
hghyarrof's base· ✓ Closed at 16:30 · 0t walls · 2 gate(s)
Rumiñawi's base· ✓ Closed at 15:24 · 0t walls · 3 gate(s)
eterna1's base· ✓ Closed at 17:28 · 0t walls · 2 gate(s)
[MIAAU] GatúbelO's base· ✓ Closed at 18:34 · 18t walls · 2 gate(s)
marshall_o18's base· ✓ Closed at 16:49 · 0t walls · 3 gate(s)
Smoothed initial terrain · ◌ = detected wall gap · hover for details
Inputs per minute
— Wchairgod - - gianghodd01
Build order — Wchairgod
First 150 of 168 actions detected
| 0:03 | Create | Villager (Male) |
| 0:04 | Create | Villager (Male) |
| 0:04 | Create | Villager (Male) |
| 0:04 | Create | Villager (Male) |
| 0:04 | Create | Villager (Male) |
| 0:07 | Build | House |
| 0:09 | Build | House |
| 1:42 | Create | Villager (Male) |
| 1:54 | Build | Lumber Camp |
| 2:04 | Create | Villager (Male) |
| 2:18 | Create | Villager (Male) |
| 3:16 | Create | Villager (Male) |
| 3:17 | Create | Villager (Male) |
| 3:59 | Create | Villager (Male) |
| 4:12 | Build | House |
| 4:14 | Build | House |
| 4:15 | Build | House |
| 4:25 | Create | Villager (Male) |
| 4:25 | Create | Villager (Male) |
| 4:46 | Build | Mill |
| 5:16 | Create | Villager (Male) |
| 5:17 | Create | Villager (Male) |
| 5:58 | Create | Villager (Male) |
| 6:34 | Create | Villager (Male) |
| 6:35 | Create | Villager (Male) |
| 6:35 | Create | Villager (Male) |
| 7:29 | Create | Villager (Male) |
| 7:29 | Create | Villager (Male) |
| 7:29 | Create | Villager (Male) |
| 7:30 | Create | Villager (Male) |
| 8:11 | Build | Mining Camp |
| 8:18 | Create | Villager (Male) |
| 8:34 | Create | Villager (Male) |
| 8:41 | Create | Villager (Male) |
| 8:52 | Create | Villager (Male) |
| 9:30 | Create | Villager (Male) |
| 9:31 | Create | Villager (Male) |
| 10:42 | Research | Feudal Age |
| 11:19 | Build | Mill |
| 12:24 | Create | Villager (Male) |
| 12:24 | Create | Villager (Male) |
| 12:59 | Age | Feudal Age |
| 13:05 | Create | Villager (Male) |
| 13:13 | Build | Market |
| 13:19 | Build | Blacksmith |
| 13:30 | Build | House |
| 13:31 | Build | House |
| 13:33 | Build | House |
| 13:50 | Research | Loom |
| 13:51 | Create | Villager (Male) |
| 13:52 | Create | Villager (Male) |
| 14:33 | Build | Farm |
| 14:34 | Build | Farm |
| 14:35 | Build | Farm |
| 14:36 | Build | Farm |
| 14:38 | Build | Farm |
| 14:45 | Build | Farm |
| 15:11 | Build | Farm |
| 15:14 | Build | Farm |
| 15:19 | Create | Villager (Male) |
| 15:40 | Research | Castle Age |
| 15:51 | Build | Farm |
| 15:53 | Build | Farm |
| 15:55 | Build | Farm |
| 15:58 | Build | Farm |
| 16:00 | Build | Farm |
| 16:05 | Build | Farm |
| 16:14 | Build | Farm |
| 17:27 | Research | Horse Collar |
| 17:30 | Research | Double-Bit Axe |
| 17:38 | Build | Lumber Camp |
| 18:07 | Create | Villager (Male) |
| 18:08 | Create | Villager (Male) |
| 18:24 | Age | Castle Age |
| 18:41 | Build | Monastery |
| 18:49 | Build | University |
| 19:21 | Create | Villager (Male) |
| 20:07 | Build | Barracks |
| 20:28 | Research | Imperial Age |
| 21:24 | Build | Siege Workshop |
| 21:29 | Create | Monk |
| 22:14 | Build | Town Center |
| 22:28 | Build | Archery Range |
| 22:29 | Build | Archery Range |
| 23:35 | Build | House |
| 23:38 | Age | Imperial Age |
| 23:39 | Build | House |
| 23:41 | Create | Bombard Cannon |
| 24:02 | Create | Villager (Male) |
| 24:02 | Create | Villager (Male) |
| 24:03 | Create | Villager (Male) |
| 24:08 | Research | Wheelbarrow |
| 24:09 | Create | Villager (Male) |
| 24:10 | Create | Villager (Male) |
| 24:21 | Research | Bow Saw |
| 24:37 | Create | Bombard Cannon |
| 24:43 | Create | Hand Cannoneer |
| 24:43 | Create | Hand Cannoneer |
| 24:44 | Create | Hand Cannoneer |
| 24:44 | Create | Hand Cannoneer |
| 24:44 | Create | Hand Cannoneer |
| 24:45 | Create | Hand Cannoneer |
| 24:45 | Create | Hand Cannoneer |
| 24:45 | Create | Hand Cannoneer |
| 24:45 | Create | Hand Cannoneer |
| 24:46 | Create | Hand Cannoneer |
| 24:55 | Create | Villager (Male) |
| 24:55 | Create | Villager (Male) |
| 24:55 | Create | Villager (Male) |
| 24:55 | Create | Villager (Male) |
| 24:56 | Create | Villager (Male) |
| 25:05 | Build | Farm |
| 25:42 | Build | Farm |
| 26:36 | Create | Hand Cannoneer |
| 26:37 | Create | Hand Cannoneer |
| 26:37 | Create | Hand Cannoneer |
| 26:37 | Create | Hand Cannoneer |
| 26:38 | Create | Hand Cannoneer |
| 26:59 | Create | Villager (Male) |
| 26:59 | Create | Villager (Male) |
| 27:00 | Create | Villager (Male) |
| 27:00 | Create | Villager (Male) |
| 27:00 | Create | Villager (Male) |
| 27:07 | Create | Bombard Cannon |
| 27:16 | Build | House |
| 27:20 | Build | House |
| 27:23 | Build | House |
| 28:02 | Build | Farm |
| 28:07 | Build | Farm |
| 28:40 | Create | Villager (Male) |
| 28:41 | Create | Villager (Male) |
| 28:41 | Create | Villager (Male) |
| 28:41 | Create | Villager (Male) |
| 28:41 | Create | Villager (Male) |
| 28:57 | Build | Mining Camp |
| 29:00 | Build | Farm |
| 29:02 | Build | Farm |
| 29:57 | Build | House |
| 31:50 | Create | Villager (Male) |
| 31:51 | Create | Villager (Male) |
| 31:51 | Create | Villager (Male) |
| 31:51 | Create | Villager (Male) |
| 31:52 | Create | Villager (Male) |
| 31:57 | Build | House |
| 31:59 | Build | House |
| 32:06 | Build | Archery Range |
| 32:08 | Build | Archery Range |
| 32:53 | Research | Ballistics |
| 32:57 | Research | Forging |
| 32:57 | Research | Fletching |
Build order — gianghodd01
First 150 of 243 actions detected
| 0:02 | Research | Loom |
| 0:02 | Create | Villager (Male) |
| 0:02 | Create | Villager (Male) |
| 0:04 | Build | House |
| 0:05 | Build | House |
| 0:21 | Create | Villager (Male) |
| 0:21 | Create | Villager (Male) |
| 1:31 | Create | Villager (Male) |
| 1:31 | Create | Villager (Male) |
| 2:05 | Create | Villager (Male) |
| 2:24 | Create | Villager (Male) |
| 2:24 | Create | Villager (Male) |
| 2:41 | Create | Villager (Male) |
| 2:41 | Create | Villager (Male) |
| 3:23 | Create | Villager (Male) |
| 3:24 | Create | Villager (Male) |
| 3:24 | Create | Villager (Male) |
| 3:50 | Build | House |
| 4:04 | Create | Villager (Male) |
| 4:05 | Create | Villager (Male) |
| 4:25 | Build | House |
| 4:49 | Create | Villager (Male) |
| 4:49 | Create | Villager (Male) |
| 4:58 | Create | Villager (Male) |
| 4:58 | Create | Villager (Male) |
| 4:59 | Create | Villager (Male) |
| 5:04 | Create | Villager (Male) |
| 5:05 | Create | Villager (Male) |
| 5:09 | Build | Mill |
| 5:16 | Create | Villager (Male) |
| 5:17 | Create | Villager (Male) |
| 5:33 | Create | Villager (Male) |
| 5:33 | Create | Villager (Male) |
| 6:07 | Create | Villager (Male) |
| 6:17 | Build | Lumber Camp |
| 6:44 | Create | Villager (Male) |
| 7:07 | Build | House |
| 7:14 | Create | Villager (Male) |
| 7:55 | Build | Mill |
| 8:24 | Research | Feudal Age |
| 8:45 | Build | House |
| 9:23 | Build | Farm |
| 9:24 | Build | Farm |
| 9:32 | Build | Farm |
| 9:36 | Build | Farm |
| 10:33 | Build | Mining Camp |
| 10:44 | Age | Feudal Age |
| 10:45 | Create | Villager (Male) |
| 10:54 | Research | Horse Collar |
| 10:58 | Research | Double-Bit Axe |
| 11:06 | Create | Villager (Male) |
| 11:06 | Create | Villager (Male) |
| 11:45 | Build | Market |
| 12:02 | Create | Villager (Male) |
| 12:14 | Create | Villager (Male) |
| 12:29 | Build | Farm |
| 12:46 | Build | Blacksmith |
| 12:49 | Create | Villager (Male) |
| 13:06 | Build | Farm |
| 13:18 | Build | Farm |
| 13:24 | Create | Villager (Male) |
| 13:36 | Create | Villager (Male) |
| 13:56 | Build | Mining Camp |
| 14:05 | Research | Castle Age |
| 15:50 | Research | Stone Mining |
| 15:59 | Build | Barracks |
| 16:18 | Research | Wheelbarrow |
| 16:32 | Build | House |
| 16:54 | Age | Castle Age |
| 17:06 | Build | Stone Wall |
| 17:19 | Create | Eagle Scout |
| 17:19 | Create | Eagle Scout |
| 17:41 | Create | Villager (Male) |
| 17:49 | Build | Barracks |
| 18:03 | Create | Eagle Scout |
| 18:07 | Create | Villager (Male) |
| 18:28 | Create | Villager (Male) |
| 18:43 | Build | Castle |
| 18:57 | Create | Eagle Scout |
| 18:58 | Create | Eagle Scout |
| 19:02 | Create | Villager (Male) |
| 19:03 | Create | Villager (Male) |
| 19:04 | Create | Villager (Male) |
| 19:04 | Create | Villager (Male) |
| 19:42 | Build | Stone Wall |
| 19:53 | Build | Stone Wall |
| 20:20 | Create | Villager (Male) |
| 20:20 | Create | Villager (Male) |
| 20:28 | Build | Farm |
| 20:35 | Create | Villager (Male) |
| 20:35 | Create | Villager (Male) |
| 20:46 | Build | Archery Range |
| 20:47 | Create | Villager (Male) |
| 20:51 | Build | Town Center |
| 21:02 | Build | Town Center |
| 21:13 | Create | Villager (Male) |
| 21:13 | Create | Villager (Male) |
| 21:25 | Create | Eagle Scout |
| 21:29 | Create | Skirmisher |
| 21:30 | Create | Skirmisher |
| 21:32 | Create | Villager (Male) |
| 21:32 | Create | Villager (Male) |
| 21:43 | Build | Farm |
| 21:56 | Build | Stone Wall |
| 22:03 | Build | Stone Wall |
| 22:11 | Build | Stone Wall |
| 22:14 | Create | Villager (Male) |
| 22:14 | Create | Villager (Male) |
| 22:18 | Create | Plumed Archer |
| 22:18 | Create | Plumed Archer |
| 22:20 | Create | Villager (Male) |
| 22:21 | Create | Villager (Male) |
| 22:27 | Create | Villager (Male) |
| 22:34 | Build | Farm |
| 22:35 | Build | Farm |
| 22:35 | Build | Farm |
| 22:35 | Build | Farm |
| 22:35 | Build | Farm |
| 22:36 | Build | Farm |
| 22:41 | Build | Farm |
| 22:59 | Build | Farm |
| 23:20 | Build | Stone Wall |
| 23:34 | Create | Skirmisher |
| 23:44 | Create | Villager (Male) |
| 23:45 | Create | Villager (Male) |
| 23:45 | Create | Villager (Male) |
| 23:51 | Create | Villager (Male) |
| 23:51 | Create | Villager (Male) |
| 23:53 | Build | Farm |
| 23:53 | Build | Farm |
| 23:53 | Build | Farm |
| 23:54 | Build | Farm |
| 23:56 | Build | Farm |
| 24:43 | Build | Castle |
| 25:26 | Create | Plumed Archer |
| 25:27 | Create | Plumed Archer |
| 25:33 | Create | Villager (Male) |
| 25:34 | Create | Villager (Male) |
| 25:34 | Create | Villager (Male) |
| 25:35 | Create | Villager (Male) |
| 25:35 | Create | Villager (Male) |
| 25:36 | Create | Villager (Male) |
| 25:39 | Build | Farm |
| 25:48 | Build | Farm |
| 25:48 | Build | Farm |
| 25:49 | Build | Farm |
| 25:49 | Build | Farm |
| 25:49 | Build | Farm |
| 26:17 | Build | Farm |
| 26:18 | Build | Farm |
Build order — VadersSon2004
First 150 of 327 actions detected
| 0:02 | Create | Villager (Male) |
| 0:02 | Create | Villager (Male) |
| 0:02 | Create | Villager (Male) |
| 0:03 | Create | Villager (Male) |
| 0:05 | Build | House |
| 0:07 | Build | House |
| 1:35 | Create | Villager (Male) |
| 2:02 | Create | Villager (Male) |
| 2:02 | Create | Villager (Male) |
| 2:19 | Create | Villager (Male) |
| 2:32 | Build | Lumber Camp |
| 2:44 | Create | Villager (Male) |
| 2:44 | Create | Villager (Male) |
| 3:22 | Create | Villager (Male) |
| 3:23 | Create | Villager (Male) |
| 3:37 | Create | Villager (Male) |
| 3:49 | Build | House |
| 3:51 | Build | House |
| 4:01 | Create | Villager (Male) |
| 4:01 | Create | Villager (Male) |
| 4:10 | Create | Villager (Male) |
| 4:10 | Create | Villager (Male) |
| 4:31 | Create | Villager (Male) |
| 4:31 | Create | Villager (Male) |
| 4:43 | Create | Villager (Male) |
| 4:43 | Create | Villager (Male) |
| 5:04 | Create | Villager (Male) |
| 5:21 | Build | Mill |
| 5:31 | Create | Villager (Male) |
| 5:31 | Create | Villager (Male) |
| 5:47 | Create | Villager (Male) |
| 5:47 | Create | Villager (Male) |
| 6:03 | Create | Villager (Male) |
| 6:32 | Create | Villager (Male) |
| 6:32 | Create | Villager (Male) |
| 6:51 | Create | Villager (Male) |
| 7:21 | Create | Villager (Male) |
| 7:40 | Build | House |
| 8:15 | Build | Mining Camp |
| 8:32 | Research | Feudal Age |
| 9:05 | Build | Farm |
| 9:09 | Build | Farm |
| 9:13 | Build | Farm |
| 9:18 | Build | Farm |
| 9:42 | Create | Villager (Male) |
| 9:42 | Create | Villager (Male) |
| 11:23 | Age | Feudal Age |
| 11:31 | Build | Blacksmith |
| 11:36 | Build | Market |
| 12:08 | Create | Villager (Male) |
| 12:29 | Build | House |
| 12:41 | Build | House |
| 12:43 | Build | House |
| 12:50 | Research | Castle Age |
| 12:52 | Research | Double-Bit Axe |
| 12:56 | Research | Horse Collar |
| 13:03 | Build | Farm |
| 13:08 | Build | Farm |
| 13:34 | Build | Farm |
| 13:38 | Build | Farm |
| 15:01 | Research | Wheelbarrow |
| 15:06 | Research | Loom |
| 15:19 | Build | House |
| 15:30 | Age | Castle Age |
| 15:36 | Build | Town Center |
| 15:46 | Build | Town Center |
| 16:03 | Build | House |
| 16:07 | Build | House |
| 16:07 | Build | House |
| 16:08 | Build | House |
| 16:43 | Build | House |
| 16:49 | Create | Villager (Male) |
| 16:50 | Create | Villager (Male) |
| 17:05 | Create | Villager (Male) |
| 17:05 | Create | Villager (Male) |
| 17:09 | Create | Villager (Male) |
| 17:09 | Create | Villager (Male) |
| 17:19 | Build | Farm |
| 17:24 | Build | Farm |
| 17:29 | Build | Farm |
| 17:34 | Research | Heavy Plow |
| 17:38 | Create | Villager (Male) |
| 17:38 | Create | Villager (Male) |
| 17:38 | Create | Villager (Male) |
| 17:38 | Create | Villager (Male) |
| 17:40 | Create | Villager (Male) |
| 17:40 | Create | Villager (Male) |
| 17:47 | Build | House |
| 17:48 | Build | House |
| 17:53 | Create | Villager (Male) |
| 17:53 | Create | Villager (Male) |
| 17:54 | Create | Villager (Male) |
| 17:54 | Create | Villager (Male) |
| 18:00 | Build | Farm |
| 18:04 | Build | Farm |
| 18:10 | Create | Villager (Male) |
| 18:11 | Create | Villager (Male) |
| 18:24 | Build | Farm |
| 18:28 | Build | Farm |
| 18:32 | Build | Farm |
| 18:37 | Build | Farm |
| 18:46 | Create | Villager (Male) |
| 18:46 | Create | Villager (Male) |
| 18:53 | Build | Farm |
| 18:57 | Build | House |
| 19:20 | Research | Bow Saw |
| 19:23 | Create | Villager (Male) |
| 19:23 | Create | Villager (Male) |
| 19:29 | Build | Farm |
| 19:39 | Build | Farm |
| 19:48 | Create | Villager (Male) |
| 19:48 | Create | Villager (Male) |
| 19:55 | Build | Farm |
| 20:01 | Build | Farm |
| 20:08 | Build | Farm |
| 20:10 | Create | Villager (Male) |
| 20:11 | Create | Villager (Male) |
| 20:11 | Create | Villager (Male) |
| 20:11 | Create | Villager (Male) |
| 20:24 | Create | Villager (Male) |
| 20:25 | Create | Villager (Male) |
| 20:31 | Build | Farm |
| 20:42 | Create | Villager (Male) |
| 20:42 | Create | Villager (Male) |
| 20:46 | Research | Gold Mining |
| 20:54 | Build | Mining Camp |
| 20:57 | Create | Villager (Male) |
| 20:57 | Create | Villager (Male) |
| 21:18 | Create | Villager (Male) |
| 21:18 | Create | Villager (Male) |
| 21:18 | Create | Villager (Male) |
| 21:19 | Create | Villager (Male) |
| 21:26 | Build | House |
| 21:30 | Build | House |
| 21:34 | Create | Villager (Male) |
| 21:34 | Create | Villager (Male) |
| 21:46 | Build | Farm |
| 21:46 | Build | Farm |
| 21:47 | Build | Farm |
| 21:48 | Build | Farm |
| 22:11 | Research | Town Watch |
| 22:12 | Create | Villager (Male) |
| 22:12 | Create | Villager (Male) |
| 22:28 | Create | Villager (Male) |
| 22:28 | Create | Villager (Male) |
| 22:39 | Build | Town Center |
| 22:48 | Research | Hand Cart |
| 22:49 | Create | Villager (Male) |
| 23:01 | Create | Villager (Male) |
| 23:01 | Create | Villager (Male) |
Build order — hghyarrof
First 150 of 234 actions detected
| 0:02 | Build | House |
| 0:03 | Create | Villager (Male) ×4 |
| 0:05 | Build | House |
| 1:27 | Create | Villager (Male) |
| 1:27 | Create | Villager (Male) |
| 1:51 | Build | Settlement |
| 2:04 | Create | Villager (Male) |
| 2:04 | Create | Villager (Male) |
| 2:22 | Create | Villager (Male) |
| 2:22 | Create | Villager (Male) |
| 2:57 | Create | Villager (Male) |
| 3:07 | Create | Villager (Male) |
| 3:32 | Build | Settlement |
| 3:44 | Create | Villager (Male) |
| 3:59 | Create | Villager (Male) |
| 3:59 | Create | Villager (Male) |
| 4:34 | Create | Villager (Male) |
| 4:34 | Create | Villager (Male) |
| 4:46 | Build | Settlement |
| 4:48 | Create | Villager (Male) |
| 4:48 | Create | Villager (Male) |
| 5:20 | Create | Villager (Male) |
| 5:20 | Create | Villager (Male) |
| 5:25 | Create | Villager (Male) |
| 5:26 | Create | Villager (Male) |
| 5:49 | Create | Villager (Male) |
| 5:50 | Create | Villager (Male) |
| 6:08 | Create | Villager (Male) |
| 6:13 | Create | Villager (Male) |
| 6:13 | Create | Villager (Male) |
| 6:51 | Build | Settlement |
| 6:54 | Create | Villager (Male) |
| 6:54 | Create | Villager (Male) |
| 7:02 | Create | Villager (Male) |
| 7:02 | Create | Villager (Male) |
| 7:38 | Create | Villager (Male) |
| 7:39 | Create | Villager (Male) |
| 7:54 | Create | Villager (Male) |
| 8:10 | Build | Settlement |
| 8:13 | Create | Villager (Male) |
| 8:13 | Create | Villager (Male) |
| 9:21 | Create | Villager (Male) |
| 9:33 | Create | Villager (Male) |
| 9:44 | Research | Feudal Age |
| 10:41 | Create | Villager (Male) |
| 10:41 | Create | Villager (Male) |
| 10:41 | Create | Villager (Male) |
| 11:12 | Create | Villager (Male) |
| 11:41 | Build | Settlement |
| 11:52 | Research | Loom |
| 11:54 | Age | Feudal Age |
| 12:01 | Build | Market |
| 12:07 | Build | Blacksmith |
| 12:19 | Create | Villager (Male) |
| 12:57 | Create | Villager (Male) |
| 13:50 | Research | Castle Age |
| 14:03 | Create | Villager (Male) |
| 14:04 | Create | Villager (Male) |
| 14:47 | Research | Double-Bit Axe |
| 14:50 | Research | Gold Mining |
| 15:08 | Research | Fletching |
| 15:30 | Build | Farm |
| 15:30 | Build | Farm |
| 15:31 | Build | Farm |
| 15:31 | Build | Farm |
| 15:31 | Build | Farm |
| 15:31 | Build | Farm |
| 15:32 | Build | Farm |
| 15:49 | Research | Padded Archer Armor |
| 15:50 | Create | Villager (Male) |
| 15:51 | Create | Villager (Male) |
| 16:30 | Age | Castle Age |
| 16:40 | Build | Castle |
| 16:50 | Build | University |
| 16:57 | Build | Stone Wall |
| 17:08 | Create | Villager (Male) |
| 17:08 | Create | Villager (Male) |
| 17:08 | Create | Villager (Male) |
| 17:17 | Research | Bodkin Arrow |
| 17:24 | Create | Villager (Male) |
| 17:24 | Create | Villager (Male) |
| 17:54 | Create | Unit 2562 ×4 |
| 17:55 | Create | Unit 2562 ×4 |
| 18:16 | Create | Unit 2562 |
| 18:17 | Create | Unit 2562 |
| 18:30 | Create | Villager (Male) |
| 18:30 | Create | Villager (Male) |
| 18:30 | Create | Villager (Male) |
| 18:47 | Create | Villager (Male) |
| 18:59 | Create | Unit 2562 |
| 18:59 | Create | Unit 2562 |
| 19:14 | Create | Villager (Male) |
| 19:14 | Create | Villager (Male) |
| 19:14 | Create | Villager (Male) |
| 19:18 | Create | Unit 2562 |
| 19:45 | Create | Unit 2562 |
| 19:46 | Create | Unit 2562 |
| 20:07 | Create | Unit 2562 |
| 20:56 | Build | Town Center |
| 20:57 | Create | Villager (Male) |
| 20:57 | Create | Villager (Male) |
| 20:58 | Create | Villager (Male) |
| 21:00 | Create | Unit 2562 |
| 21:19 | Research | Murder Holes |
| 21:23 | Create | Unit 2562 |
| 21:23 | Create | Unit 2562 |
| 21:26 | Create | Villager (Male) |
| 21:26 | Create | Villager (Male) |
| 21:26 | Create | Villager (Male) |
| 21:37 | Create | Unit 2562 |
| 21:37 | Create | Unit 2562 |
| 21:45 | Create | Villager (Male) |
| 21:46 | Create | Villager (Male) |
| 21:51 | Create | Unit 2562 |
| 21:51 | Create | Unit 2562 |
| 22:11 | Create | Unit 2562 |
| 22:12 | Create | Unit 2562 ×2 |
| 22:12 | Create | Villager (Male) |
| 22:13 | Create | Villager (Male) |
| 22:26 | Create | Unit 2562 |
| 22:26 | Create | Unit 2562 |
| 22:26 | Create | Unit 2562 |
| 22:42 | Create | Unit 2562 ×2 |
| 22:58 | Create | Unit 2562 |
| 22:59 | Create | Unit 2562 |
| 23:11 | Build | Castle |
| 23:15 | Create | Unit 2562 |
| 23:15 | Create | Unit 2562 |
| 23:34 | Build | Castle |
| 23:39 | Create | Unit 2562 ×2 |
| 23:39 | Create | Unit 2562 ×2 |
| 24:23 | Create | Unit 2562 ×3 |
| 24:23 | Create | Unit 2562 ×3 |
| 24:27 | Create | Villager (Male) |
| 24:28 | Create | Villager (Male) |
| 24:28 | Create | Villager (Male) |
| 24:29 | Create | Unit 2562 |
| 24:40 | Create | Unit 2562 |
| 24:40 | Create | Unit 2562 |
| 24:42 | Create | Villager (Male) |
| 24:42 | Create | Villager (Male) |
| 25:28 | Create | Unit 2562 ×3 |
| 25:28 | Create | Unit 2562 ×3 |
| 25:47 | Create | Unit 2562 ×2 |
| 25:47 | Create | Unit 2562 ×2 |
| 26:54 | Create | Villager (Male) |
| 26:54 | Create | Villager (Male) |
| 26:55 | Create | Villager (Male) |
| 26:55 | Create | Villager (Male) |
| 26:55 | Create | Villager (Male) |
Build order — Rumiñawi
First 150 of 294 actions detected
| 0:02 | Create | Villager (Male) |
| 0:02 | Create | Villager (Male) |
| 0:02 | Create | Villager (Male) |
| 0:03 | Build | House |
| 0:05 | Build | House |
| 0:30 | Create | Villager (Male) |
| 1:21 | Create | Villager (Male) |
| 2:04 | Create | Villager (Male) |
| 2:04 | Create | Villager (Male) |
| 2:10 | Build | Lumber Camp |
| 2:14 | Create | Villager (Male) |
| 2:45 | Create | Villager (Male) |
| 3:02 | Create | Villager (Male) |
| 3:26 | Create | Villager (Male) |
| 3:54 | Build | House |
| 3:56 | Create | Villager (Male) |
| 3:56 | Create | Villager (Male) |
| 4:17 | Build | Mill |
| 4:42 | Create | Villager (Male) |
| 4:53 | Create | Villager (Male) |
| 4:53 | Create | Villager (Male) |
| 4:53 | Create | Villager (Male) |
| 5:14 | Create | Villager (Male) |
| 5:15 | Create | Villager (Male) |
| 5:27 | Build | House |
| 5:31 | Build | House |
| 6:09 | Build | House |
| 6:35 | Create | Villager (Male) |
| 6:35 | Create | Villager (Male) |
| 6:48 | Build | Mill |
| 7:14 | Create | Villager (Male) |
| 7:14 | Create | Villager (Male) |
| 8:07 | Create | Villager (Male) |
| 8:36 | Build | Lumber Camp |
| 8:50 | Create | Villager (Male) |
| 8:52 | Research | Feudal Age |
| 9:02 | Build | Mining Camp |
| 9:14 | Build | Farm |
| 9:25 | Build | Farm |
| 10:02 | Build | Farm |
| 10:19 | Build | Farm |
| 10:30 | Build | Farm |
| 10:41 | Build | Farm |
| 11:14 | Create | Villager (Male) |
| 11:14 | Create | Villager (Male) |
| 11:27 | Age | Feudal Age |
| 11:35 | Build | Market |
| 11:42 | Build | Blacksmith |
| 11:55 | Build | Farm |
| 12:11 | Create | Villager (Male) |
| 12:44 | Research | Castle Age |
| 12:53 | Build | Farm |
| 13:11 | Research | Double-Bit Axe |
| 13:59 | Research | Horse Collar |
| 14:19 | Research | Gold Mining |
| 15:17 | Create | Villager (Male) |
| 15:17 | Create | Villager (Male) |
| 15:24 | Age | Castle Age |
| 15:26 | Build | Town Center |
| 15:29 | Create | Villager (Male) |
| 15:29 | Create | Villager (Male) |
| 15:34 | Build | Town Center |
| 16:22 | Build | House |
| 16:22 | Build | House |
| 16:23 | Build | House |
| 16:24 | Build | House |
| 16:34 | Create | Villager (Male) ×5 |
| 16:39 | Build | Monastery |
| 16:48 | Build | Farm |
| 17:03 | Build | Farm |
| 17:06 | Create | Villager (Male) ×5 |
| 17:12 | Create | Villager (Male) ×4 |
| 17:23 | Build | Farm |
| 17:24 | Create | Monk |
| 17:26 | Create | Monk |
| 17:43 | Build | Monastery |
| 17:49 | Create | Villager (Male) ×3 |
| 18:08 | Build | Farm |
| 18:10 | Create | Villager (Male) |
| 18:20 | Build | Farm |
| 18:24 | Create | Monk |
| 18:40 | Build | House |
| 18:41 | Build | House |
| 18:43 | Build | Farm |
| 19:08 | Create | Villager (Male) ×5 |
| 19:27 | Build | Town Center |
| 19:32 | Create | Villager (Male) ×2 |
| 20:02 | Build | Farm |
| 20:14 | Create | Villager (Male) ×4 |
| 21:19 | Create | Villager (Male) ×5 |
| 21:29 | Build | Mill |
| 21:29 | Build | Farm |
| 21:29 | Build | Farm |
| 21:30 | Build | Farm |
| 21:30 | Build | Farm |
| 21:30 | Build | Farm |
| 21:30 | Build | Farm |
| 21:30 | Build | Farm |
| 21:33 | Build | Farm |
| 21:33 | Build | Farm |
| 21:34 | Build | Farm |
| 21:34 | Build | Farm |
| 21:34 | Build | Farm |
| 21:34 | Build | Farm |
| 21:44 | Create | Villager (Male) ×3 |
| 21:47 | Build | Farm |
| 21:50 | Build | Farm |
| 22:16 | Research | Heavy Plow |
| 22:29 | Research | Wheelbarrow |
| 22:31 | Create | Villager (Male) ×2 |
| 22:31 | Create | Villager (Male) |
| 22:35 | Build | Farm |
| 22:40 | Build | Farm |
| 22:45 | Build | Farm |
| 23:15 | Create | Villager (Male) ×5 |
| 23:27 | Build | House |
| 23:28 | Build | House |
| 23:32 | Build | House |
| 23:33 | Build | House |
| 23:34 | Build | House |
| 23:35 | Build | House |
| 23:41 | Build | Barracks |
| 23:42 | Build | Barracks |
| 23:45 | Build | Barracks |
| 23:48 | Research | Scale Mail Armor |
| 23:48 | Research | Forging |
| 23:54 | Build | Farm |
| 23:55 | Build | Farm |
| 23:55 | Build | Farm |
| 23:55 | Build | Farm |
| 23:55 | Build | Farm |
| 23:56 | Build | Farm |
| 23:56 | Build | Farm |
| 24:05 | Research | Bow Saw |
| 24:07 | Create | Villager (Male) ×5 |
| 24:22 | Build | Town Center |
| 24:24 | Create | Villager (Male) ×5 |
| 24:40 | Build | House |
| 24:41 | Build | House |
| 24:41 | Build | House |
| 24:42 | Build | House |
| 24:42 | Build | House |
| 24:42 | Build | House |
| 24:43 | Build | House |
| 24:43 | Build | House |
| 24:43 | Build | House |
| 24:45 | Build | House |
| 24:45 | Build | House |
| 24:45 | Build | House |
| 24:46 | Build | House |
Build order — eterna1
First 150 of 211 actions detected
| 0:01 | Create | Villager (Male) |
| 0:02 | Create | Villager (Male) |
| 0:03 | Build | House |
| 0:05 | Build | House |
| 0:13 | Create | Villager (Male) |
| 0:18 | Create | Villager (Male) |
| 0:23 | Build | House |
| 1:39 | Create | Villager (Male) |
| 1:40 | Create | Villager (Male) |
| 2:17 | Create | Villager (Male) |
| 2:48 | Create | Villager (Male) |
| 3:13 | Build | Lumber Camp |
| 3:15 | Create | Villager (Male) |
| 3:26 | Create | Villager (Male) |
| 4:09 | Create | Villager (Male) |
| 4:30 | Create | Villager (Male) |
| 4:31 | Create | Villager (Male) |
| 5:23 | Create | Villager (Male) |
| 5:24 | Create | Villager (Male) |
| 5:35 | Build | House |
| 5:39 | Build | Mining Camp |
| 5:43 | Create | Villager (Male) |
| 6:21 | Build | Mill |
| 6:26 | Create | Villager (Male) |
| 6:52 | Create | Villager (Male) |
| 7:18 | Build | House |
| 7:24 | Create | Villager (Male) |
| 7:51 | Create | Villager (Male) |
| 7:57 | Create | Villager (Male) |
| 8:11 | Create | Villager (Male) |
| 9:12 | Research | Feudal Age |
| 9:39 | Build | House |
| 9:41 | Build | House |
| 10:42 | Create | Villager (Male) |
| 10:42 | Create | Villager (Male) |
| 10:51 | Build | Mill |
| 11:03 | Create | Villager (Male) |
| 11:22 | Age | Feudal Age |
| 11:37 | Research | Double-Bit Axe |
| 11:59 | Build | Market |
| 12:01 | Build | Blacksmith |
| 12:13 | Create | Villager (Male) |
| 12:41 | Research | Horse Collar |
| 13:03 | Create | Villager (Male) |
| 13:21 | Research | Loom |
| 13:28 | Build | Farm |
| 13:28 | Build | Farm |
| 13:29 | Build | Farm |
| 13:29 | Build | Farm |
| 13:29 | Build | Farm |
| 13:29 | Build | Farm |
| 13:54 | Build | Barracks |
| 14:28 | Build | House |
| 14:29 | Build | House |
| 14:38 | Build | House |
| 14:48 | Research | Castle Age |
| 15:43 | Build | Stable |
| 15:47 | Build | Stable |
| 16:01 | Research | Gold Mining |
| 16:33 | Create | Villager (Male) |
| 16:33 | Create | Villager (Male) |
| 17:28 | Age | Castle Age |
| 17:31 | Build | Town Center |
| 17:45 | Build | Stable |
| 18:27 | Build | Stable |
| 18:39 | Create | Villager (Male) |
| 18:39 | Create | Villager (Male) |
| 18:40 | Create | Villager (Male) |
| 18:40 | Create | Villager (Male) |
| 18:43 | Research | Wheelbarrow |
| 18:48 | Create | Villager (Male) |
| 19:08 | Create | Steppe Lancer ×4 |
| 19:38 | Build | Mill |
| 19:39 | Build | Farm |
| 19:40 | Build | Farm |
| 19:40 | Build | Farm |
| 19:40 | Build | Farm |
| 19:40 | Build | Farm |
| 19:41 | Build | Farm |
| 20:03 | Create | Villager (Male) |
| 20:35 | Build | Mill |
| 20:36 | Build | Farm |
| 20:36 | Build | Farm |
| 20:37 | Build | Farm |
| 20:37 | Build | Farm |
| 20:37 | Build | Farm |
| 20:43 | Create | Villager (Male) |
| 20:44 | Create | Villager (Male) |
| 21:03 | Create | Villager (Male) |
| 21:07 | Create | Villager (Male) |
| 21:25 | Create | Villager (Male) |
| 21:26 | Create | Villager (Male) |
| 21:45 | Build | Mill |
| 21:46 | Build | Farm |
| 21:46 | Build | Farm |
| 21:47 | Build | Farm |
| 21:47 | Build | Farm |
| 21:47 | Build | Farm |
| 21:49 | Build | Farm |
| 21:54 | Create | Villager (Male) |
| 21:54 | Create | Villager (Male) |
| 22:10 | Create | Villager (Male) |
| 22:10 | Create | Villager (Male) |
| 22:31 | Create | Villager (Male) |
| 22:31 | Create | Villager (Male) |
| 22:48 | Research | Bow Saw |
| 23:14 | Create | Villager (Male) |
| 23:15 | Create | Villager (Male) |
| 23:26 | Research | Gold Mining |
| 23:48 | Create | Steppe Lancer |
| 23:48 | Create | Steppe Lancer |
| 23:49 | Create | Steppe Lancer |
| 23:49 | Create | Steppe Lancer |
| 23:54 | Create | Villager (Male) |
| 23:55 | Create | Villager (Male) |
| 23:55 | Create | Villager (Male) |
| 24:06 | Build | Mill |
| 24:07 | Build | Farm |
| 24:08 | Build | Farm |
| 24:08 | Build | Farm |
| 24:08 | Build | Farm |
| 24:08 | Build | Farm |
| 24:09 | Build | Farm |
| 24:09 | Build | Farm |
| 24:12 | Build | Farm |
| 24:16 | Build | Farm |
| 24:35 | Research | Scale Barding Armor |
| 24:44 | Research | Bloodlines |
| 24:53 | Create | Steppe Lancer ×3 |
| 25:05 | Build | House |
| 25:06 | Build | House |
| 25:38 | Create | Steppe Lancer |
| 25:39 | Create | Steppe Lancer |
| 25:47 | Create | Villager (Male) |
| 25:47 | Create | Villager (Male) |
| 25:57 | Build | House |
| 25:58 | Build | House |
| 25:59 | Build | House |
| 26:10 | Research | Forging |
| 26:12 | Research | Chain Barding Armor |
| 26:24 | Create | Villager (Male) |
| 26:25 | Create | Villager (Male) |
| 26:30 | Create | Villager (Male) |
| 26:31 | Create | Villager (Male) |
| 26:49 | Create | Steppe Lancer ×5 |
| 27:28 | Build | House |
| 27:29 | Build | House |
| 27:32 | Build | House |
| 27:38 | Create | Villager (Male) |
| 27:38 | Create | Villager (Male) |
Build order — [MIAAU] GatúbelO
128 actions detected in the replay
| 0:23 | Build | House |
| 0:25 | Build | House |
| 0:32 | Create | Villager (Male) ×4 |
| 1:55 | Build | Palisade Wall |
| 1:59 | Create | Villager (Male) |
| 2:44 | Build | Palisade Wall |
| 2:45 | Build | Palisade Wall |
| 2:48 | Create | Villager (Male) ×2 |
| 2:51 | Build | Palisade Wall |
| 2:53 | Build | Palisade Wall |
| 2:55 | Build | Palisade Wall |
| 3:01 | Build | Palisade Wall |
| 3:23 | Build | Lumber Camp |
| 3:25 | Create | Villager (Male) |
| 3:48 | Create | Villager (Male) |
| 4:24 | Create | Villager (Male) |
| 4:35 | Build | Palisade Wall |
| 4:42 | Create | Villager (Male) |
| 4:42 | Create | Villager (Male) |
| 4:43 | Create | Villager (Male) |
| 5:07 | Build | House |
| 5:48 | Create | Villager (Male) ×3 |
| 5:49 | Create | Villager (Male) ×3 |
| 6:20 | Build | Mill |
| 6:23 | Build | House |
| 6:29 | Build | House |
| 6:32 | Create | Villager (Male) |
| 6:36 | Create | Villager (Male) |
| 8:38 | Create | Villager (Male) ×5 |
| 8:38 | Create | Villager (Male) |
| 8:40 | Create | Villager (Male) ×3 |
| 9:06 | Build | Mining Camp |
| 11:24 | Build | Mining Camp |
| 11:38 | Build | House |
| 12:18 | Build | Lumber Camp |
| 12:28 | Research | Feudal Age |
| 12:28 | Research | Feudal Age |
| 12:31 | Build | Farm |
| 12:36 | Build | Farm |
| 12:39 | Build | Farm |
| 14:38 | Age | Feudal Age |
| 14:39 | Create | Villager (Male) |
| 14:39 | Create | Villager (Male) |
| 14:44 | Build | Market |
| 14:47 | Build | Blacksmith |
| 14:54 | Research | Loom |
| 15:27 | Build | Farm |
| 15:28 | Build | Farm |
| 15:28 | Build | Farm |
| 15:28 | Build | Farm |
| 15:34 | Build | Farm |
| 15:36 | Build | Farm |
| 15:37 | Build | Farm |
| 15:39 | Research | Castle Age |
| 15:39 | Research | Castle Age |
| 15:44 | Build | Farm |
| 16:25 | Build | Farm |
| 16:32 | Build | Farm |
| 18:17 | Create | Villager (Male) |
| 18:17 | Create | Villager (Male) |
| 18:34 | Age | Castle Age |
| 18:38 | Build | Castle |
| 20:11 | Research | Imperial Age |
| 20:16 | Build | Monastery |
| 20:18 | Build | Mining Camp |
| 21:32 | Create | Monk |
| 21:34 | Build | Monastery |
| 21:43 | Create | Cataphract |
| 22:22 | Create | Monk |
| 22:22 | Create | Monk |
| 22:24 | Create | Villager (Male) |
| 22:24 | Create | Villager (Male) |
| 22:25 | Create | Villager (Male) |
| 22:58 | Create | Cataphract |
| 23:03 | Create | Monk |
| 23:05 | Research | Fervor |
| 23:12 | Research | Sanctity |
| 23:17 | Research | Fervor |
| 23:19 | Create | Villager (Male) |
| 23:20 | Create | Villager (Male) |
| 23:21 | Age | Imperial Age |
| 23:22 | Research | Gold Mining |
| 23:26 | Create | Trebuchet (Packed) |
| 23:58 | Research | Block Printing |
| 24:28 | Create | Monk |
| 25:39 | Create | Trebuchet (Packed) |
| 25:43 | Create | Monk ×3 |
| 26:23 | Research | Theocracy |
| 26:52 | Research | Illumination |
| 27:48 | Create | Monk ×4 |
| 27:49 | Create | Villager (Male) ×5 |
| 27:56 | Build | Farm |
| 28:00 | Build | Monastery |
| 28:27 | Create | Trebuchet (Packed) |
| 29:03 | Build | House |
| 29:42 | Create | Monk ×4 |
| 30:10 | Create | Trebuchet (Packed) |
| 30:20 | Build | House |
| 30:21 | Build | House |
| 30:21 | Build | House |
| 30:24 | Build | House |
| 30:25 | Build | House |
| 30:25 | Build | House |
| 30:26 | Build | House |
| 30:29 | Create | Villager (Male) |
| 31:01 | Create | Monk |
| 31:02 | Create | Villager (Male) ×5 |
| 31:36 | Create | Trebuchet (Packed) |
| 31:40 | Create | Monk |
| 31:41 | Create | Monk |
| 32:25 | Create | Monk ×5 |
| 32:27 | Create | Villager (Male) ×5 |
| 34:04 | Create | Monk ×5 |
| 34:05 | Create | Monk |
| 34:54 | Create | Cataphract ×5 |
| 34:57 | Research | Scale Barding Armor |
| 35:01 | Create | Villager (Male) |
| 35:01 | Create | Villager (Male) |
| 35:04 | Research | Gold Shaft Mining |
| 35:08 | Research | Double-Bit Axe |
| 35:09 | Research | Horse Collar |
| 35:23 | Create | Monk |
| 37:13 | Research | Redemption |
| 37:15 | Create | Monk ×4 |
| 37:16 | Create | Monk ×4 |
| 37:46 | Build | Monastery |
| 37:47 | Build | Monastery |
| 37:47 | Build | Monastery |
Build order — marshall_o18
125 actions detected in the replay
| 0:03 | Create | Villager (Male) |
| 0:10 | Build | House |
| 0:19 | Research | Loom |
| 0:53 | Create | Villager (Male) |
| 0:53 | Create | Villager (Male) |
| 0:54 | Create | Villager (Male) |
| 0:54 | Create | Villager (Male) |
| 1:00 | Build | House |
| 1:02 | Build | House |
| 1:04 | Build | House |
| 1:33 | Create | Villager (Male) |
| 2:34 | Build | Lumber Camp |
| 2:37 | Create | Villager (Male) |
| 3:09 | Create | Villager (Male) |
| 3:10 | Create | Villager (Male) |
| 3:10 | Create | Villager (Male) |
| 3:52 | Create | Villager (Male) |
| 3:52 | Create | Villager (Male) |
| 3:53 | Create | Villager (Male) |
| 4:27 | Create | Villager (Male) |
| 4:28 | Create | Villager (Male) |
| 5:23 | Create | Villager (Male) |
| 5:23 | Create | Villager (Male) |
| 5:23 | Create | Villager (Male) |
| 6:42 | Create | Villager (Male) |
| 7:09 | Build | Mining Camp |
| 7:27 | Create | Villager (Male) |
| 7:34 | Research | Feudal Age |
| 9:08 | Create | Villager (Male) |
| 9:38 | Build | Mill |
| 9:54 | Build | House |
| 10:02 | Age | Feudal Age |
| 10:08 | Create | Villager (Male) |
| 10:08 | Create | Villager (Male) |
| 10:20 | Build | House |
| 11:05 | Create | Villager (Male) |
| 11:25 | Create | Villager (Male) |
| 11:43 | Build | Market |
| 12:18 | Create | Villager (Male) |
| 12:20 | Create | Villager (Male) |
| 12:35 | Build | Blacksmith |
| 12:43 | Build | Farm |
| 12:46 | Create | Villager (Male) |
| 12:49 | Build | Farm |
| 13:12 | Build | Farm |
| 13:15 | Create | Villager (Male) |
| 13:34 | Build | House |
| 14:09 | Research | Castle Age |
| 14:19 | Build | House |
| 14:45 | Build | Mining Camp |
| 14:53 | Build | Farm |
| 15:05 | Build | Farm |
| 15:36 | Research | Double-Bit Axe |
| 15:48 | Create | Villager (Male) |
| 16:13 | Build | Farm |
| 16:15 | Build | Farm |
| 16:24 | Build | Farm |
| 16:24 | Build | Farm |
| 16:38 | Build | Farm |
| 16:39 | Create | Villager (Male) |
| 16:49 | Age | Castle Age |
| 17:25 | Create | Villager (Male) |
| 17:47 | Create | Villager (Male) |
| 18:04 | Build | Town Center |
| 18:10 | Create | Villager (Male) |
| 18:11 | Create | Villager (Male) |
| 18:11 | Create | Villager (Male) |
| 18:30 | Create | Villager (Male) |
| 19:14 | Build | Castle |
| 19:44 | Create | Villager (Male) |
| 19:44 | Create | Villager (Male) |
| 19:52 | Build | Farm |
| 20:35 | Create | Villager (Male) |
| 20:47 | Build | Siege Workshop |
| 20:51 | Create | Villager (Male) |
| 20:51 | Create | Villager (Male) |
| 21:03 | Build | House |
| 21:08 | Build | Stone Wall |
| 21:17 | Build | House |
| 21:21 | Create | Mangonel |
| 21:25 | Create | Villager (Male) |
| 21:34 | Build | Farm |
| 21:37 | Build | Farm |
| 21:41 | Build | Farm |
| 21:44 | Build | Farm |
| 22:04 | Build | Farm |
| 22:13 | Build | Farm |
| 22:24 | Build | House |
| 22:29 | Build | Farm |
| 22:39 | Build | Farm |
| 22:45 | Create | Villager (Male) |
| 22:45 | Create | Villager (Male) |
| 23:02 | Build | Farm |
| 23:03 | Build | Farm |
| 23:05 | Create | Villager (Male) |
| 23:08 | Create | Villager (Male) |
| 23:19 | Build | Farm |
| 23:42 | Build | Farm |
| 23:49 | Build | Farm |
| 24:02 | Build | Farm |
| 24:18 | Build | Farm |
| 24:33 | Research | Imperial Age |
| 24:54 | Build | University |
| 25:42 | Create | Mangonel |
| 25:51 | Create | Villager (Male) |
| 25:52 | Create | Villager (Male) |
| 25:52 | Create | Villager (Male) |
| 25:52 | Create | Villager (Male) |
| 25:55 | Create | Villager (Male) |
| 26:03 | Build | Mining Camp |
| 26:06 | Create | Villager (Male) |
| 26:06 | Create | Villager (Male) |
| 26:16 | Build | Farm |
| 26:40 | Create | Villager (Male) |
| 26:58 | Build | Barracks |
| 27:29 | Research | Chemistry |
| 27:38 | Build | Stone Wall |
| 27:43 | Age | Imperial Age |
| 28:02 | Build | Stone Wall |
| 28:22 | Create | Villager (Male) |
| 28:22 | Create | Villager (Male) |
| 28:23 | Create | Villager (Male) |
| 28:34 | Build | House |
| 28:39 | Build | Archery Range |
| 28:50 | Build | House |
Match timeline
| 1:55 | [MIAAU] GatúbelO · wall_segment Palisade Wall x10 |
| 2:44 | [MIAAU] GatúbelO · wall_segment Palisade Wall x2 |
| 2:45 | [MIAAU] GatúbelO · wall_segment Palisade Wall x1 |
| 2:51 | [MIAAU] GatúbelO · wall_segment Palisade Wall x1 |
| 2:53 | [MIAAU] GatúbelO · wall_segment Palisade Wall x1 |
| 2:55 | [MIAAU] GatúbelO · wall_segment Palisade Wall x1 |
| 3:01 | [MIAAU] GatúbelO · wall_segment Palisade Wall x1 |
| 4:35 | [MIAAU] GatúbelO · wall_segment Palisade Wall x1 |
| 10:02 | marshall_o18 · age_up feudal |
| 10:44 | gianghodd01 · age_up feudal |
| 11:22 | eterna1 · age_up feudal |
| 11:23 | VadersSon2004 · age_up feudal |
| 11:27 | Rumiñawi · age_up feudal |
| 11:54 | hghyarrof · age_up feudal |
| 12:59 | Wchairgod · age_up feudal |
| 13:49 | hghyarrof · first_market_buy 100 food |
| 13:54 | eterna1 · first_building Barracks |
| 14:38 | [MIAAU] GatúbelO · age_up feudal |
| 15:24 | Rumiñawi · age_up castle |
| 15:30 | VadersSon2004 · age_up castle |
| 15:43 | eterna1 · first_building Stable |
| 15:59 | gianghodd01 · first_building Barracks |
| 16:30 | hghyarrof · age_up castle |
| 16:39 | Rumiñawi · first_building Monastery |
| 16:40 | hghyarrof · first_building Castle |
| 16:49 | marshall_o18 · age_up castle |
| 16:54 | gianghodd01 · age_up castle |
| 16:57 | hghyarrof · wall_segment Stone Wall x1 |
| 17:06 | gianghodd01 · wall_segment Stone Wall x9 |
| 17:28 | eterna1 · age_up castle |
| 18:24 | Wchairgod · age_up castle |
| 18:34 | [MIAAU] GatúbelO · age_up castle |
| 18:38 | [MIAAU] GatúbelO · first_building Castle |
| 18:41 | Wchairgod · first_building Monastery |
| 18:43 | gianghodd01 · first_building Castle |
| 19:14 | marshall_o18 · first_building Castle |
| 19:18 | Rumiñawi · first_market_buy 100 stone |
| 19:42 | gianghodd01 · wall_segment Stone Wall x3 |
| 19:53 | gianghodd01 · wall_segment Stone Wall x7 |
| 20:00 | eterna1 · first_market_buy 100 wood |
| 20:07 | Wchairgod · first_building Barracks |
| 20:16 | [MIAAU] GatúbelO · first_building Monastery |
| 20:26 | Wchairgod · first_market_buy 100 food |
| 20:46 | gianghodd01 · first_building Archery Range |
| 20:47 | marshall_o18 · first_building Siege Workshop |
| 21:08 | marshall_o18 · wall_segment Stone Wall x1 |
| 21:24 | Wchairgod · first_building Siege Workshop |
| 21:56 | gianghodd01 · wall_segment Stone Wall x4 |
| 22:03 | gianghodd01 · wall_segment Stone Wall x4 |
| 22:11 | gianghodd01 · wall_segment Stone Wall x5 |
| 22:13 | Rumiñawi · first_market_sell 100 wood |
| 22:28 | Wchairgod · first_building Archery Range |
| 23:20 | gianghodd01 · wall_segment Stone Wall x2 |
| 23:21 | [MIAAU] GatúbelO · age_up imperial |
| 23:38 | Wchairgod · age_up imperial |
| 23:41 | Rumiñawi · first_building Barracks |
| 23:56 | VadersSon2004 · first_building Monastery |
| 24:23 | gianghodd01 · first_market_buy 100 stone |
| 24:34 | gianghodd01 · first_market_sell 100 wood |
| 25:37 | [MIAAU] GatúbelO · first_market_buy 100 wood |
| 25:41 | [MIAAU] GatúbelO · first_market_sell 100 food |
| 26:16 | VadersSon2004 · first_building Barracks |
| 26:58 | marshall_o18 · first_building Barracks |
| 27:13 | VadersSon2004 · first_building Castle |
| 27:38 | marshall_o18 · wall_segment Stone Wall x4 |
| 27:43 | marshall_o18 · age_up imperial |
| 27:58 | VadersSon2004 · first_building Stable |
| 28:02 | eterna1 · first_building Archery Range |
| 28:02 | marshall_o18 · wall_segment Stone Wall x1 |
| 28:34 | gianghodd01 · wall_segment Stone Wall x5 |
| 28:38 | gianghodd01 · wall_segment Stone Wall x3 |
| 28:39 | marshall_o18 · first_building Archery Range |
| 28:56 | gianghodd01 · wall_segment Stone Wall x12 |
| 29:01 | gianghodd01 · wall_segment Stone Wall x7 |
| 29:17 | gianghodd01 · wall_segment Stone Wall x5 |
| 29:17 | marshall_o18 · resign |
| 29:18 | VadersSon2004 · age_up imperial |
| 29:53 | Rumiñawi · first_building Castle |
| 30:32 | VadersSon2004 · first_building Siege Workshop |
| 31:08 | hghyarrof · first_building Monastery |
| 31:28 | Rumiñawi · age_up imperial |
| 31:31 | gianghodd01 · wall_segment Stone Wall x3 |
| 31:44 | eterna1 · first_market_sell 100 food |
| 33:53 | hghyarrof · wall_segment Stone Wall x1 |
| 34:26 | hghyarrof · wall_segment Stone Wall x1 |
| 34:26 | hghyarrof · wall_segment Stone Wall x1 |
[ AI ANALYSIS · 1 CREDIT ]
What really happened in this match?
Wolo.gg analyzes every decision: build order, eco, micro, common mistakes by bracket. Personalized analysis on WhatsApp or Discord in 30 seconds.
Civ guide
Turks
Map guide
Arena
Perfil
Jugador #486506